[Event "Titled Tuesday Blitz December 20 Early 2022"]
[White "Toh, Terry"]
[Black "Liyanage, Ranindu Dilshan"]
[WhiteFideId "5800323"]
[BlackFideId "9915834"]
[WhiteElo "2394"]
[BlackElo "2342"]
[Result "1-0"]
[Round "01"]
[TimeControl "180+2"]
[Date "2022.12.20"]
[WhiteClock "0:01:04"]
[BlackClock "0:00:02"]

1. c4 e6 2. Nf3 d5 3. d4 Nf6 4. Nc3 Bb4 5. Qa4+ Nc6 6. e3 O-O 7. Bd2 a5 8. Qc2 b6 9. Bd3 dxc4 10. Bxc4 Bb7 11. O-O Re8 12. Rfd1 Qe7 13. a3 Bd6 14. e4 e5 15. d5 Nd4 16. Qd3 c6 17. Nxd4 exd4 18. Qxd4 Bc5 19. Qd3 Ng4 20. Be1 Rad8 21. Qg3 h5 22. h3 Bd6 23. f4 Bc5+ 24. Kh1 Ne3 25. dxc6 Nxd1 26. cxb7 Nxc3 27. Bxc3 Bd4 28. Bd5 Bxc3 29. Qxc3 Qd6 30. Qf3 g6 31. Rc1 Kf8 32. Rc6 Qe7 33. Rxb6 Qc7 34. Qb3 Qxf4 35. Qc3 Qf1+ 36. Kh2 Qf4+ 37. Kh1 Rxd5 38. exd5 Qf1+ 39. Kh2 h4 40. b8=Q 1-0


[Site "https://www.chess.com"]

[Event "Titled Tuesday Blitz December 20 Early 2022"]
[White "Triumphmate"]
[Black "wonderfultime"]
[WhiteElo "2503"]
[BlackElo "3066"]
[Result "0-1"]
[Round "01"]
[TimeControl "180+2"]
[Date "2022.12.20"]
[WhiteClock "0:00:11"]
[BlackClock "0:00:11"]

1. e4 c5 2. Nf3 Nf6 3. Nc3 d5 4. exd5 Nxd5 5. Bc4 Nb6 6. Bb5+ Bd7 7. Bxd7+ Qxd7 8. d3 Nc6 9. Be3 e6 10. Ne4 Nd4 11. O-O Rc8 12. c3 Nf5 13. Ng3 Nxg3 14. hxg3 Bd6 15. Qe2 O-O 16. Rad1 h6 17. Nd2 Nd5 18. Ne4 Be7 19. d4 c4 20. Bc1 b5 21. g4 f5 22. gxf5 exf5 23. Nd2 Nf4 24. Qf3 Bd6 25. Nxc4 Ne6 26. Nxd6 Qxd6 27. d5 Nc5 28. Bf4 Qd7 29. d6 Ne4 30. Rfe1 Rce8 31. b3 Rf6 32. c4 bxc4 33. bxc4 Rfe6 34. Re3 g5 35. Bh2 f4 36. Red3 Nc5 37. Qd5 Nxd3 38. Rxd3 Qxd6 39. Bxf4 Qxd5 40. cxd5 Re1+ 41. Kh2 gxf4 42. d6 Rd8 43. Rd4 Re6 44. Rxf4 Rdxd6 45. Rg4+ Rg6 46. Ra4 Ra6 47. Rc4 Rxa2 48. f4 Rgxg2+ 49. Kh3 Rgc2 50. Rd4 a5 51. Rd7 a4 52. Kg4 a3 53. Kf5 Rc6 54. Ra7 Ra1 55. Rb7 Ra6 0-1


[Site "https://www.chess.com"]

[Event "Titled Tuesday Blitz December 20 Early 2022"]
[White "Tsigelnitskiy, Ilusha"]
[Black "Van der Nat, Nicholas"]
[WhiteFideId "4132971"]
[BlackFideId "14300427"]
[WhiteElo "2342"]
[BlackElo "2362"]
[Result "0-1"]
[Round "01"]
[TimeControl "180+2"]
[Date "2022.12.20"]
[WhiteClock "0:00:03"]
[BlackClock "0:00:08"]

1. Nf3 Nf6 2. g3 d5 3. Bg2 c6 4. c4 Bg4 5. h3 Bh5 6. d4 e6 7. O-O Nbd7 8. cxd5 exd5 9. Ne5 Nxe5 10. dxe5 Nd7 11. f4 Bc5+ 12. Kh2 h6 13. f5 Nxe5 14. g4 Nxg4+ 15. hxg4 Qh4+ 16. Bh3 Bxg4 17. Qd3 Bd6+ 18. Kg2 O-O-O 19. Nc3 Rde8 20. Bd2 Re7 21. Be1 Qh5 22. Bxg4 Qxg4+ 23. Bg3 Rhe8 24. Qf3 Qg5 25. Rad1 Re3 26. Rd3 Rxf3 27. Rdxf3 Bxg3 28. Rxg3 Qf6 29. Rf2 d4 30. Na4 b6 31. b3 Re3 32. Rxe3 dxe3 33. Rf3 Qe5 34. b4 Kb7 35. a3 h5 36. Kh3 Qe4 37. Kg2 Qg4+ 38. Kf1 h4 39. Nc3 h3 40. Nd1 Qg2+ 41. Ke1 h2 42. Nxe3 h1=Q+ 43. Kd2 Qg5 44. Kd3 Qxf3 45. exf3 Qd8+ 46. Ke4 Qe7+ 47. Kf4 f6 48. Ng4 Qe2 49. Ne3 Qd2 50. Ke4 Qc1 51. Nc4 Qxc4+ 0-1


[Site "https://www.chess.com"]

[Event "Titled Tuesday Blitz December 20 Early 2022"]
[White "Ural_bogatyr"]
[Black "Hansch, Karsten"]
[BlackFideId "24692239"]
[WhiteElo "2615"]
[BlackElo "2248"]
[Result "1/2-1/2"]
[Round "01"]
[TimeControl "180+2"]
[Date "2022.12.20"]
[WhiteClock "0:00:10"]
[BlackClock "0:00:19"]

1. d4 Nf6 2. Nc3 d5 3. Bf4 e6 4. e3 Bd6 5. Qf3 a6 6. O-O-O c5 7. dxc5 Bxc5 8. e4 d4 9. e5 Qa5 10. exf6 dxc3 11. fxg7 cxb2+ 12. Kb1 Rg8 13. Qg3 e5 14. Bxe5 Be6 15. a3 Bxa3 16. Bc7 Qa4 17. Rd8+ Ke7 18. Rxg8 Ba2+ 19. Kxa2 Bd6+ 20. Kxb2 Bxg3 21. Rxb8 Qb4+ 22. Ka2 Qa4+ 23. Kb1 Qb4+ 24. Ka2 Qa4+ 25. Kb2 Qb4+ 26. Kc1 Qe1+ 27. Kb2 Qb4+ 1/2-1/2


[Site "https://www.chess.com"]

[Event "Titled Tuesday Blitz December 20 Early 2022"]
[White "Vsevolod_Ovchinnikov"]
[Black "bennyficial"]
[WhiteElo "2557"]
[BlackElo "2145"]
[Result "1-0"]
[Round "01"]
[TimeControl "180+2"]
[Date "2022.12.20"]
[WhiteClock "0:00:05"]
[BlackClock "0:00:05"]

1. d4 Nf6 2. c4 e6 3. g3 d5 4. Nf3 dxc4 5. Bg2 c5 6. O-O Nc6 7. Qa4 Bd7 8. Qxc4 b5 9. Qd3 c4 10. Qd1 Rc8 11. Bg5 Be7 12. Nc3 b4 13. Bxf6 gxf6 14. Ne4 f5 15. Ned2 c3 16. bxc3 bxc3 17. Nb3 Nb4 18. Ne1 c2 19. Qd2 O-O 20. a3 Ba4 21. Nc1 Nd5 22. e4 fxe4 23. Bxe4 Bg5 24. f4 Bf6 25. Nf3 Qb6 26. Re1 Rc4 27. Ne2 Rfc8 28. Rec1 Qb2 29. Bd3 R4c6 30. Ne5 Bxe5 31. fxe5 R8c7 32. Qg5+ Kh8 33. Qd8+ Kg7 34. Qg5+ Kh8 35. Qh6 Rc8 36. Qxh7# 1-0


[Site "https://www.chess.com"]

[Event "Titled Tuesday Blitz December 20 Early 2022"]
[White "Wild, Achim"]
[Black "Richterman, Pavel"]
[WhiteFideId "4658728"]
[BlackFideId "2829690"]
[WhiteElo "2265"]
[BlackElo "2062"]
[Result "0-1"]
[Round "01"]
[TimeControl "180+2"]
[Date "2022.12.20"]
[WhiteClock "0:00:01"]
[BlackClock "0:00:07"]

1. e4 c5 2. Nf3 Nc6 3. Bb5 e6 4. O-O Nge7 5. c3 a6 6. Ba4 b5 7. Bc2 d5 8. d4 cxd4 9. Nxd4 Bb7 10. Nd2 Nxd4 11. cxd4 dxe4 12. Nxe4 Nd5 13. Bg5 Be7 14. Bxe7 Qxe7 15. Nc5 O-O 16. Qh5 g6 17. Qh6 Rfd8 18. Rad1 Bc6 19. Rfe1 Qf6 20. Bb1 Qf4 21. Qxf4 Nxf4 22. f3 Bd5 23. Kf2 a5 24. g3 Nh5 25. Rc1 Nf6 26. Red1 b4 27. Ne4 Kg7 28. Nxf6 Kxf6 29. Ke3 h5 30. Rc5 a4 31. Rdc1 Ra7 32. Rc7 Rd7 33. Rxd7 Rxd7 34. Rc5 a3 35. bxa3 bxa3 36. Ra5 Rb7 37. Be4 Bxe4 38. fxe4 Rb2 39. Rxa3 Rxh2 40. e5+ Kg7 0-1


[Site "https://www.chess.com"]

[Event "Titled Tuesday Blitz December 20 Early 2022"]
[White "Willychess95"]
[Black "Barbis, Athanasios"]
[BlackFideId "4215800"]
[WhiteElo "2661"]
[BlackElo "1953"]
[Result "1-0"]
[Round "01"]
[TimeControl "180+2"]
[Date "2022.12.20"]
[WhiteClock "0:01:51"]
[BlackClock "0:00:22"]

1. e4 c5 2. Nf3 Nc6 3. Bb5 g6 4. Bxc6 dxc6 5. d3 Bg7 6. Nc3 Nf6 7. h3 Nd7 8. O-O e5 9. Be3 b6 10. Qd2 h6 11. Nh2 Nf8 12. a4 Ne6 13. a5 b5 14. Ne2 Nd4 15. f4 exf4 16. Rxf4 O-O 17. Raf1 Nxe2+ 18. Qxe2 Bxb2 19. Kh1 Bg7 20. Bxc5 Bd7 21. Bxf8 Qxf8 22. Rxf7 Qxf7 23. Rxf7 Kxf7 24. Nf3 Rf8 25. Qf2 Kg8 26. Qxa7 Bxh3 27. gxh3 Rxf3 28. Qa8+ Kh7 29. Qb7 Rxh3+ 30. Kg2 Rh5 31. a6 Rg5+ 32. Kf3 1-0


[Site "https://www.chess.com"]

[Event "Titled Tuesday Blitz December 20 Early 2022"]
[White "Witek, Tomasz"]
[Black "Tomescu, Vlad"]
[WhiteFideId "1130056"]
[BlackFideId "1201026"]
[WhiteElo "2000"]
[BlackElo "2323"]
[Result "0-1"]
[Round "01"]
[TimeControl "180+2"]
[Date "2022.12.20"]
[WhiteClock "0:00:05"]
[BlackClock "0:00:08"]

1. d4 d5 2. Nf3 Nf6 3. c4 dxc4 4. e3 e6 5. Bxc4 c5 6. O-O a6 7. dxc5 Bxc5 8. Qxd8+ Kxd8 9. Ne5 Ke7 10. Be2 Nbd7 11. Nd3 Bd6 12. Nd2 b5 13. Bf3 Rb8 14. a4 Bb7 15. axb5 Bxf3 16. Nxf3 axb5 17. Nd4 Rhc8 18. Ra7 Ke8 19. Bd2 Ne4 20. Bb4 Bxb4 21. Nxb4 e5 22. Ndc6 Rb6 23. Rd1 Nef6 24. Rd6 Nb8 25. Ra8 Nfd7 26. h3 f6 27. g4 h6 28. f4 Rc7 29. f5 Kf7 30. Nxb8 Rxd6 31. N8c6 Rdxc6 32. Nxc6 Rxc6 33. Ra7 Ke7 34. Kf2 Rc2+ 35. Kf3 Rxb2 36. Ke4 Rb4+ 37. Kd5 Rb2 38. Kc6 Rc2+ 39. Kxb5 Rc3 40. e4 Re3 41. Kc6 Rc3+ 42. Kb5 Rxh3 43. Ra8 Rb3+ 44. Kc6 Rc3+ 45. Kb5 Re3 46. Rg8 Kf7 47. Rd8 Nf8 0-1


[Site "https://www.chess.com"]

[Event "Titled Tuesday Blitz December 20 Early 2022"]
[White "WizardSA"]
[Black "Bensenousi, Isk"]
[BlackFideId "4206010"]
[WhiteElo "2098"]
[BlackElo "2041"]
[Result "0-1"]
[Round "01"]
[TimeControl "180+2"]
[Date "2022.12.20"]
[WhiteClock "0:00:03"]
[BlackClock "0:00:33"]

1. e4 e5 2. Nf3 Nc6 3. d4 exd4 4. Nxd4 Nf6 5. Nc3 Bb4 6. Nxc6 bxc6 7. Bd3 d5 8. exd5 Qe7+ 9. Qe2 Qxe2+ 10. Bxe2 cxd5 11. Bd2 c6 12. O-O O-O 13. Rfe1 h6 14. Bd3 Bg4 15. a3 Ba5 16. f3 Be6 17. Rad1 Rab8 18. b4 Bb6+ 19. Kh1 c5 20. Bf4 Rbd8 21. Na4 c4 22. Bf1 Ra8 23. Nxb6 axb6 24. Re3 Ra7 25. Be5 Rfa8 26. Bb2 Ne8 27. Rd4 Nd6 28. g4 Nb5 29. Rd1 Nxa3 30. Re2 Nb5 31. c3 Ra2 32. Rdd2 d4 33. cxd4 c3 34. Bxc3 Nxc3 35. Rxa2 Rxa2 36. Re1 g5 37. Bd3 Bd5 38. Be4 Rd2 39. Rc1 Nxe4 40. fxe4 Bxe4+ 41. Kg1 Rxd4 42. Rc8+ Kg7 43. Rb8 Rxb4 44. Kf2 Rb3 45. h4 gxh4 46. Kg1 Rb2 47. Kf1 h3 48. Kg1 h2+ 0-1


[Site "https://www.chess.com"]

[Event "Titled Tuesday Blitz December 20 Early 2022"]
[White "Zahid, Sanatan"]
[Black "IngOscarArdila"]
[WhiteFideId "10201963"]
[WhiteElo "1930"]
[BlackElo "2196"]
[Result "1-0"]
[Round "01"]
[TimeControl "180+2"]
[Date "2022.12.20"]
[WhiteClock "0:01:51"]
[BlackClock "0:00:15"]

1. d4 Nf6 2. Nc3 e6 3. e4 Bb4 4. e5 Nd5 5. Bd2 Nxc3 6. bxc3 Be7 7. Qg4 g6 8. h4 h5 9. Qg3 d5 10. Nf3 c5 11. Bd3 Nc6 12. Rb1 b6 13. Bg5 Bb7 14. Qf4 Bxg5 15. Nxg5 Qe7 16. O-O O-O 17. Rbe1 Rac8 18. Re3 cxd4 19. cxd4 Nb4 20. g4 Nxd3 21. cxd3 hxg4 22. Qxg4 Kg7 23. Rf3 Rc7 24. h5 Bc8 25. Qh4 Qe8 26. hxg6 Rh8 27. gxf7 Qf8 28. Qg4 Rh6 29. Nxe6+ Kh7 30. Nxf8+ 1-0


[Site "https://www.chess.com"]

[Event "Titled Tuesday Blitz December 20 Early 2022"]
[White "Zampronha, Wladimir Camilo"]
[Black "temiksmozg"]
[WhiteFideId "2103087"]
[WhiteElo "2176"]
[BlackElo "2549"]
[Result "0-1"]
[Round "01"]
[TimeControl "180+2"]
[Date "2022.12.20"]
[WhiteClock "0:00:10"]
[BlackClock "0:00:11"]

1. e4 c6 2. d4 d5 3. e5 Bf5 4. Nf3 e6 5. Be2 h6 6. O-O c5 7. c4 Ne7 8. Nc3 Nbc6 9. dxc5 d4 10. Nb5 Ng6 11. Nd6+ Bxd6 12. exd6 e5 13. Bd3 Qd7 14. Re1 O-O 15. a3 a5 16. Qc2 Bxd3 17. Qxd3 f5 18. Qb3 e4 19. Nd2 Nge5 20. Nf1 a4 21. Qc2 Ra5 22. Bf4 Rxc5 23. Bxe5 Nxe5 24. Qd2 Rxc4 25. Rac1 Qxd6 26. Qf4 g5 27. Qg3 f4 28. Qh3 e3 29. Rxc4 Nxc4 30. Qf3 d3 31. Qe4 Qc6 32. Qxd3 exf2+ 33. Kxf2 Qc5+ 34. Kf3 Ne5+ 35. Rxe5 Qxe5 36. Qg6+ Qg7 37. Qe6+ Kh8 38. Nd2 Qxb2 39. Qxh6+ Kg8 40. Qxg5+ Qg7 41. Qd5+ Kh7 42. Ne4 Qg6 43. Qd7+ Kg8 44. Qg4 Qxg4+ 45. Kxg4 Rd8 46. Kxf4 Rd3 47. Nf6+ Kf7 48. Ne4 Rxa3 49. g4 Ke6 50. Nc5+ Kd5 51. Nxb7 Rh3 52. Na5 Rxh2 53. Kg5 Rg2 54. Nb7 Kc4 55. Nc5 Kxc5 56. Kf5 Rxg4 57. Kxg4 a3 58. Kf3 a2 59. Ke2 a1=Q 60. Kd2 Qa4 61. Kc3 Qc4+ 62. Kb2 Kd4 63. Ka1 Kd3 64. Kb2 Qb4+ 65. Kc1 Qd2+ 66. Kb1 Kc3 0-1


[Site "https://www.chess.com"]

[Event "Titled Tuesday Blitz December 20 Early 2022"]
[White "Zhalmakhanov_Ramazan"]
[Black "Mosti, Alain"]
[BlackFideId "20606451"]
[WhiteElo "2945"]
[BlackElo "1655"]
[Result "0-1"]
[Round "01"]
[TimeControl "180+2"]
[Date "2022.12.20"]
[WhiteClock "0:01:01"]
[BlackClock "0:01:00"]

1. d4 e6 2. Nf3 Nf6 3. Bf4 b6 4. e3 Bb7 5. Be2 g6 6. O-O Bg7 7. h3 O-O 8. a4 a5 9. Na3 d6 10. Bh2 Nbd7 11. Nb5 Ne4 12. c3 f5 13. Nd2 e5 14. Nxe4 Bxe4 15. Qb3+ Kh8 16. Qc4 Rc8 17. f3 Bb7 18. Rae1 e4 19. f4 Nf6 20. Qb3 Nd5 21. Bc4 Nf6 22. Be6 Rb8 23. d5 Nd7 24. Bxd7 Qxd7 25. c4 Bf6 26. Bg3 Qg7 27. Re2 Rf7 28. Be1 Ba6 29. Na7 Ra8 30. Nc6 Bb7 31. Nd4 Bxd4 32. exd4 Qxd4+ 33. Rff2 Qd3 34. Qxd3 exd3 35. Bc3+ Kg8 36. Re3 Kf8 37. Rd2 Re8 38. Rxe8+ Kxe8 39. Rxd3 Re7 40. Kf2 Bc8 41. b3 Kf7 42. Bd4 h6 43. Be3 Re4 44. Rd2 Bd7 45. Rc2 Kf6 46. Rd2 g5 47. g3 Kg6 48. Kf3 Re8 49. Rb2 g4+ 50. hxg4 fxg4+ 51. Kf2 Kf5 52. Rd2 h5 53. Rd1 Rh8 54. Rh1 Rh7 55. Bd2 Be8 56. Re1 Bd7 57. Kg2 Kf6 58. Bc3+ Kf7 59. Bd4 Bf5 60. Re2 h4 61. gxh4 Rxh4 62. Bf2 Rh3 63. Bg3 Rh8 64. Re3 Re8 65. Kf2 Rxe3 66. Kxe3 Bc2 67. Kd2 Bxb3 68. Kc3 Bxa4 0-1


[Site "https://www.chess.com"]

[Event "Titled Tuesday Blitz December 20 Early 2022"]
[White "Zhigalko_Sergei"]
[Black "Gnechko_Ruslan"]
[WhiteElo "2876"]
[BlackElo "2448"]
[Result "1-0"]
[Round "01"]
[TimeControl "180+2"]
[Date "2022.12.20"]
[WhiteClock "0:00:06"]
[BlackClock "0:00:14"]

1. e4 c5 2. Nf3 e6 3. c3 Nf6 4. e5 Nd5 5. Bc4 Nc6 6. O-O Be7 7. d4 cxd4 8. cxd4 O-O 9. Bd2 d6 10. Nc3 Nxc3 11. Bxc3 dxe5 12. dxe5 Bd7 13. Qe2 Rc8 14. Bd3 g6 15. a3 a6 16. Rfe1 Qc7 17. h4 Na7 18. Bd4 Qb8 19. Qe3 Nb5 20. Bxb5 Bxb5 21. Qh6 Rfd8 22. Bb6 Rd3 23. Ng5 Bxg5 24. Qxg5 Rc6 25. Be3 Qd8 26. Qh6 Rc4 27. h5 Rg4 28. f3 Rh4 29. Qg5 Rxh5 30. Qxd8+ Rxd8 31. Bf4 Bc6 32. Rad1 Rd5 33. Rxd5 Bxd5 34. Rc1 Bc6 35. g4 Rh3 36. Rxc6 bxc6 37. Kg2 Rh4 38. Bg5 Rxg4+ 39. fxg4 Kf8 40. Kf3 Ke8 41. Bh6 c5 42. Ke4 Kd7 43. Kd3 Kc6 44. Kc4 Kb6 45. a4 Kc6 46. a5 1-0


[Site "https://www.chess.com"]

[Event "Titled Tuesday Blitz December 20 Early 2022"]
[White "Zozik, S. Mohammed"]
[Black "Sam_ChessMood"]
[WhiteFideId "4803280"]
[WhiteElo "2116"]
[BlackElo "2882"]
[Result "0-1"]
[Round "01"]
[TimeControl "180+2"]
[Date "2022.12.20"]
[WhiteClock "0:00:35"]
[BlackClock "0:01:47"]

1. d4 Nf6 2. Nf3 d5 3. c4 e6 4. Nc3 c6 5. g3 dxc4 6. Ne5 Nbd7 7. Nxc4 b5 8. Nd2 Bb7 9. Bg2 Qb6 10. Nf3 c5 11. O-O Rc8 12. Be3 Be7 13. dxc5 Bxc5 14. Bxc5 Nxc5 15. b4 Ncd7 16. Qd3 O-O 17. Nxb5 Be4 18. Qd4 Qxb5 19. Qxa7 Qxb4 0-1


[Site "https://www.chess.com"]

[Event "Titled Tuesday Blitz December 20 Early 2022"]
[White "annacramling"]
[Black "GP9isback23"]
[WhiteElo "2219"]
[BlackElo "2577"]
[Result "0-1"]
[Round "01"]
[TimeControl "180+2"]
[Date "2022.12.20"]
[WhiteClock "0:00:01"]
[BlackClock "0:00:10"]

1. d4 Nf6 2. c4 e6 3. Nc3 Bb4 4. Qc2 d5 5. cxd5 exd5 6. Bg5 Nbd7 7. e3 c5 8. Nf3 Qa5 9. Bd3 O-O 10. O-O Bxc3 11. bxc3 b6 12. Ne5 h6 13. Bxf6 Nxf6 14. Nc6 Qa3 15. c4 dxc4 16. Bxc4 cxd4 17. Nxd4 Ba6 18. Bxa6 Qxa6 19. Nc6 Rfe8 20. Rac1 Qa3 21. Rfd1 Ne4 22. Nd4 a6 23. Qc6 b5 24. Qc2 Rad8 25. Qb3 Qxb3 26. axb3 Rc8 27. f3 Nc3 28. Re1 Nd5 29. e4 Nb4 30. Red1 Red8 31. Rxc8 Rxc8 32. Nf5 Rc7 33. Kf2 Kh7 34. Ke3 g6 35. Nd4 Rc3+ 36. Kf4 Kg7 37. g4 Nc6 38. h4 Nxd4 39. Rxd4 Rxb3 40. g5 hxg5+ 41. hxg5 a5 42. Kg4 a4 43. f4 Rb1 44. f5 Rg1+ 45. Kf4 Rf1+ 46. Ke5 gxf5 47. exf5 Re1+ 48. Kf4 a3 49. f6+ Kg6 0-1


[Site "https://www.chess.com"]

[Event "Titled Tuesday Blitz December 20 Early 2022"]
[White "bardiya_Daneshvar"]
[Black "Levanovsky, Vladimir"]
[BlackFideId "24119784"]
[WhiteElo "2903"]
[BlackElo "1869"]
[Result "1-0"]
[Round "01"]
[TimeControl "180+2"]
[Date "2022.12.20"]
[WhiteClock "0:00:39"]
[BlackClock "0:00:05"]

1. b3 e5 2. Bb2 Nc6 3. e3 d5 4. Bb5 Bd6 5. Nf3 f6 6. d4 e4 7. Nfd2 f5 8. c4 a6 9. Ba4 b5 10. cxb5 Nb4 11. bxa6+ c6 12. O-O Ne7 13. Ba3 Bxa6 14. Bxb4 Bxb4 15. Re1 O-O 16. a3 Bd6 17. Nc3 f4 18. Qg4 Bc8 19. Qh4 f3 20. gxf3 exf3 21. Kh1 Rf6 22. Rg1 Nf5 23. Qg5 h6 24. Qh5 Bd7 25. Nxf3 Qe7 26. Rg2 Raf8 27. Rag1 Be8 28. Qh3 R8f7 29. Nh4 Bd7 30. Nxf5 Bxf5 31. Qh4 g5 32. Bxc6 Kf8 33. Rxg5 Bh7 34. R5g2 Rxf2 35. Qxh6+ Rg7 36. Rxf2+ 1-0


[Site "https://www.chess.com"]

[Event "Titled Tuesday Blitz December 20 Early 2022"]
[White "biostatistician"]
[Black "GregLeBarbare"]
[WhiteElo "2574"]
[BlackElo "2242"]
[Result "1-0"]
[Round "01"]
[TimeControl "180+2"]
[Date "2022.12.20"]
[WhiteClock "0:01:31"]
[BlackClock "0:01:15"]

1. d4 Nf6 2. Nf3 e6 3. c4 Bb4+ 4. Nbd2 O-O 5. a3 Bxd2+ 6. Bxd2 d6 7. Bg5 h6 8. Bh4 Nbd7 9. Nd2 e5 10. d5 a5 11. b4 axb4 12. axb4 Rxa1 13. Qxa1 c6 14. e4 cxd5 15. cxd5 Qb6 16. Qa5 Qd4 17. f3 Qe3+ 18. Be2 b6 19. Qb5 Bb7 20. Qd3 Qxd3 21. Bxd3 Ra8 22. Ke2 g5 23. Bf2 Ne8 24. Bb5 Ba6 25. Bxa6 Rxa6 26. Rc1 Ra4 27. b5 Rb4 28. Rc8 Kf8 29. Nc4 Ke7 30. Ne3 Rb2+ 31. Kf1 Rb1+ 32. Be1 Rxb5 33. Nf5+ Kf8 34. Rxe8+ 1-0


[Site "https://www.chess.com"]

[Event "Titled Tuesday Blitz December 20 Early 2022"]
[White "chegueps"]
[Black "Rakesh, Kumar Jena"]
[BlackFideId "5084822"]
[WhiteElo "2629"]
[BlackElo "2303"]
[Result "1/2-1/2"]
[Round "01"]
[TimeControl "180+2"]
[Date "2022.12.20"]
[WhiteClock "0:00:10"]
[BlackClock "0:00:11"]

1. d4 Nf6 2. Bf4 e6 3. e3 c5 4. c3 Nc6 5. Nd2 d5 6. h4 Bd6 7. dxc5 Bxf4 8. exf4 a5 9. Ngf3 Qe7 10. Bd3 Qxc5 11. Qe2 a4 12. Rc1 O-O 13. Ne5 d4 14. h5 dxc3 15. Rxc3 Qb4 16. Ndc4 Nd4 17. Qe3 Rd8 18. h6 g6 19. O-O b5 20. Nb6 Rb8 21. Nc6 Nxc6 22. Rxc6 Qf8 23. f5 Ng4 24. Qg5 exf5 25. Nxc8 Rbxc8 26. Rxc8 Rxc8 27. Bxf5 Rc5 28. Qxg4 Rxf5 29. Rd1 Qxh6 30. Rd8+ Kg7 31. Qd4+ Rf6 32. g3 Qc1+ 33. Kh2 Qh6+ 34. Kg2 Qc1 35. Rd6 Qg5 36. a3 h5 37. Kh2 Qf5 38. Kg2 Qf3+ 39. Kg1 Qf5 40. Rd5 Qb1+ 41. Kg2 h4 42. gxh4 Qc1 43. h5 Qc6 44. f3 gxh5 45. Rxh5 Kf8 46. Rd5 Rg6+ 47. Kh2 Qc7+ 48. Qe5 Qxe5+ 49. Rxe5 Rb6 50. Re4 f6 51. Kg3 Kf7 52. Kf4 Kg6 53. Rb4 f5 54. Ke5 Kg5 55. Kd5 f4 56. Kc5 Rb8 57. Rxb5 Rf8 58. Kb4+ Kh4 59. Rc5 Kg3 60. Rc3 Rb8+ 61. Kxa4 Rxb2 62. Ka5 Rf2 63. a4 Rxf3 64. Rc7 Ra3 65. Rg7+ Kf2 66. Kb4 Ra1 67. a5 f3 68. Kb5 Ke2 69. Re7+ Kf1 70. a6 f2 71. Kb6 Kg1 72. Rg7+ Kh2 73. Rh7+ Kg3 74. Rg7+ Kh4 75. Rf7 f1=Q 76. Rxf1 Rxf1 77. a7 Ra1 78. Kb7 Kg5 79. a8=R Rxa8 80. Kxa8 1/2-1/2


[Site "https://www.chess.com"]

[Event "Titled Tuesday Blitz December 20 Early 2022"]
[White "dirk_da_player"]
[Black "Talcrifice"]
[WhiteElo "2339"]
[BlackElo "2621"]
[Result "0-1"]
[Round "01"]
[TimeControl "180+2"]
[Date "2022.12.20"]
[WhiteClock "0:00:20"]
[BlackClock "0:01:04"]

1. e4 e5 2. Nf3 Nc6 3. Bc4 Bc5 4. O-O Nf6 5. d3 a6 6. Nc3 d6 7. Be3 Bxe3 8. fxe3 O-O 9. Qe1 Na5 10. Bb3 c6 11. Nh4 Nxb3 12. axb3 g6 13. Qg3 Nh5 14. Qf2 Be6 15. h3 Qg5 16. Nf3 Qg3 17. Qxg3 Nxg3 18. Rfe1 f6 19. Kh2 Nh5 20. g4 Ng7 21. Rf1 h6 22. Rf2 Rf7 23. Raf1 b5 24. b4 a5 25. bxa5 b4 26. Ne2 Rxa5 27. Nh4 g5 28. Nf5 Nxf5 29. gxf5 Bc8 30. b3 Kg7 31. Kg3 Rfa7 32. d4 Ra1 33. Nc1 exd4 34. exd4 Re7 35. Kf3 Bd7 36. Nd3 Rxf1 37. Rxf1 d5 38. exd5 cxd5 39. Nxb4 Bxf5 40. Kg3 Be4 41. c4 Rb7 42. cxd5 Rxb4 0-1


[Site "https://www.chess.com"]

[Event "Titled Tuesday Blitz December 20 Early 2022"]
[White "dmitrijiIM"]
[Black "Moh, Teng Keong Deon"]
[BlackFideId "5700868"]
[WhiteElo "2782"]
[BlackElo "2215"]
[Result "1/2-1/2"]
[Round "01"]
[TimeControl "180+2"]
[Date "2022.12.20"]
[WhiteClock "0:01:54"]
[BlackClock "0:00:19"]

1. e4 c6 2. d4 d5 3. exd5 cxd5 4. Bd3 Nc6 5. c3 g6 6. h3 Bf5 7. Be2 Nf6 8. Nf3 Bg7 9. O-O O-O 10. Bf4 Ne4 11. Nbd2 Qb6 12. Qb3 Qxb3 13. axb3 a6 14. b4 Nxd2 15. Bxd2 e5 16. dxe5 Nxe5 17. Nxe5 Bxe5 18. Bf3 Be4 19. Rfe1 Bxf3 20. Rxe5 Be4 21. f3 Bf5 22. Rxd5 Rfd8 23. Rxd8+ Rxd8 24. Be3 Be6 25. Bd4 f5 26. Kf2 Re8 27. h4 Kf7 28. Kg3 h5 29. Rd1 Bb3 30. Rd2 Re1 31. Kf4 Bc4 32. g3 Re2 33. Rd1 Rxb2 34. Be5 Be6 35. Rd8 Rf2 36. Ke3 Rf1 37. Rh8 Bd5 38. f4 Rf3+ 39. Kd4 Bc6 40. Rh7+ Ke6 41. c4 Rxg3 42. Rg7 Be4 43. Kc5 Rg4 44. Kb6 Rxh4 45. Rxg6+ Kf7 46. Rg7+ Kf8 47. Rh7 Rh1 48. Bf6 Kg8 49. Rg7+ Kf8 50. Rh7 Kg8 51. Rh6 Kf7 52. Bg5 Kg7 53. Kc5 h4 54. Rxh4 Rxh4 55. Bxh4 Kf7 56. Kd6 Bd3 57. Kd5 Kg6 58. Bg5 Be2 59. Kd4 Bf1 60. Kc3 Be2 61. Kb3 Bf1 62. Kc3 Be2 63. Kd4 Bf1 64. c5 Bb5 65. Ke5 Bc6 66. Kd6 Kh5 67. Kc7 Kg4 68. Kb6 Kh5 69. Ka5 Kg6 70. Bd8 Kh5 71. Bc7 Kg6 72. Be5 Kh5 73. Bd4 Kg4 74. Be5 Kf3 75. b5 Bxb5 76. Kb4 Bc6 77. Ka5 Ke4 78. Bd6 Kd5 79. Bf8 Ke6 80. Bd6 Kd7 81. Bf8 Bb5 82. Kb6 Bf1 83. Bd6 Bb5 84. Be5 Bc6 85. Bf6 Ke6 86. Be5 Kd5 87. Bd6 Kc4 88. Ka5 Kd5 89. Bf8 Ke6 90. Bd6 Kd7 91. Kb6 Be4 92. Be5 Bc6 93. Bc3 Ke6 94. Be5 Kd5 95. Bd6 Ke4 96. Ka5 Kd3 97. Kb6 Kc3 98. Ka5 Kb3 99. Bf8 Kc4 100. Bd6 Kd5 1/2-1/2


[Site "https://www.chess.com"]

[Event "Titled Tuesday Blitz December 20 Early 2022"]
[White "exoticprincess"]
[Black "Lion-Al-Messi"]
[WhiteElo "3057"]
[BlackElo "2520"]
[Result "1-0"]
[Round "01"]
[TimeControl "180+2"]
[Date "2022.12.20"]
[WhiteClock "0:01:43"]
[BlackClock "0:00:01"]

1. d4 Nf6 2. Nc3 d5 3. Bf4 Bf5 4. f3 e6 5. g4 Bg6 6. h4 h5 7. g5 Nfd7 8. e3 Bd6 9. Nh3 Nc6 10. Qd2 e5 11. Bh2 exd4 12. exd4 Qe7+ 13. Kf2 Bxh2 14. Rxh2 Qd6 15. Re1+ Ne7 16. Qf4 Kd8 17. Qxd6 cxd6 18. Nb5 Nf5 19. Bd3 a6 20. Bxf5 axb5 21. Bxg6 fxg6 22. a3 Nb6 23. c3 Rf8 24. Kg3 Kd7 25. Nf4 Rae8 26. Rxe8 Rxe8 27. Nxg6 Re1 28. Nf4 Rg1+ 29. Rg2 Rxg2+ 30. Kxg2 Nc4 31. Nxh5 Nxb2 32. Nxg7 Ke7 33. h5 Kf7 34. Nf5 Nd1 35. Nxd6+ Kg7 36. Nxb5 Ne3+ 37. Kf2 Nf5 38. a4 b6 39. f4 Kh7 40. Kf3 Nh4+ 41. Kg4 Ng2 42. h6 Ne3+ 43. Kh5 Nf5 44. g6+ Kg8 45. Kg5 Ng3 46. Nd6 1-0


[Site "https://www.chess.com"]

[Event "Titled Tuesday Blitz December 20 Early 2022"]
[White "fks_stal_mielec"]
[Black "DefiantChair"]
[WhiteElo "2284"]
[BlackElo "2631"]
[Result "0-1"]
[Round "01"]
[TimeControl "180+2"]
[Date "2022.12.20"]
[WhiteClock "0:00:02"]
[BlackClock "0:01:19"]

1. d4 Nf6 2. c4 e6 3. Nc3 Bb4 4. Qc2 O-O 5. e4 d5 6. e5 Ne4 7. Bd3 c5 8. a3 Ba5 9. Bxe4 dxe4 10. dxc5 Bxc3+ 11. Qxc3 Nc6 12. b4 a5 13. b5 Nd4 14. Bb2 Nf5 15. a4 Qg5 16. g3 Bd7 17. Nh3 Qg4 18. Nf4 Rad8 19. h3 Qg5 20. Rd1 Bc8 21. O-O e3 22. Rxd8 Rxd8 23. Ng2 exf2+ 24. Rxf2 Nxg3 25. Qf3 Nf5 26. h4 Qg6 27. Kh2 Rf8 28. Rd2 Qh6 29. Qf2 Nxh4 30. Nxh4 g5 31. Qg3 Kh8 32. Rg2 gxh4 0-1


[Site "https://www.chess.com"]

[Event "Titled Tuesday Blitz December 20 Early 2022"]
[White "forevery0ung"]
[Black "MusicCityMaster"]
[WhiteElo "2661"]
[BlackElo "2329"]
[Result "1-0"]
[Round "01"]
[TimeControl "180+2"]
[Date "2022.12.20"]
[WhiteClock "0:00:41"]
[BlackClock "0:00:36"]

1. c4 e5 2. Nc3 Nc6 3. g3 f5 4. Bg2 Nf6 5. d3 Bb4 6. Bd2 O-O 7. a3 Bxc3 8. Bxc3 d6 9. e3 Kh8 10. Ne2 Ne7 11. f4 Ng6 12. O-O Qe7 13. Qd2 c6 14. Rae1 e4 15. dxe4 Nxe4 16. Qc2 Bd7 17. Nd4 Rae8 18. b4 c5 19. Nb3 b6 20. Bb2 Bc6 21. Re2 Rc8 22. Rd1 d5 23. b5 dxc4 24. Qxc4 Nd6 25. Rxd6 Bxg2 26. Rxg6 hxg6 27. Kxg2 Rfd8 28. Be5 Rd7 29. Nd2 Rcd8 30. Nf3 Rd1 31. e4 Qb7 32. Ng5 R8d3 33. Qe6 fxe4 34. Qe8# 1-0


[Site "https://www.chess.com"]